 Dungeon Crawl Stone Soup version 0.29-a0-617-g7a6b98fccd (webtiles) character file.

Game seed: 17171532990156326746

26 Patoropollo the Ducker (level 3, 0/29 HPs)
             Began as a Human Monk on June 17, 2022.
             Slain by a hobgoblin (4 damage)
             ... on level 1 of the Dungeon.
             The game lasted 00:01:08 (696 turns).

Patoropollo the Ducker (Human Monk)                  Turns: 696, Time: 00:01:08

Health: 0/29       AC:  2    Str: 13    XL:     3   Next: 22%
Magic:  3/3        EV: 13    Int: 10    God:
Gold:   7          SH:  0    Dex: 15    Spells: 2/2 levels left

rFire   . . .      SeeInvis .   a - +0 mace
rCold   . . .      Faith    .   (no shield)
rNeg    . . .      Spirit   .   b - +0 robe
rPois   .          Reflect  .   (no helmet)
rElec   .          Harm     .   (no cloak)
rCorr   .          Rampage  .   (no gloves)
Will    .....                   (no boots)
Stlth   ++........              (no amulet)
HPRegen 0.09/turn               (no ring)
MPRegen 0.08/turn               (no ring)

@: no status effects
A: no striking features
a: no special abilities


You were on level 1 of the Dungeon.
You visited 1 branch of the dungeon, and saw 1 of its levels.

You collected 7 gold pieces.

Inventory:

Hand Weapons
 a - a +0 mace (weapon)
Armour
 b - a +0 robe (worn)
Scrolls
 d - a scroll of teleportation {unknown}
 f - 2 scrolls of blinking {unknown}
 h - a scroll of enchant weapon {unknown}
Potions
 c - a potion of ambrosia
 e - 2 potions of flight {unknown}
 g - a potion of magic {unknown}


   Skills:
 + Level 3.2 Fighting
 + Level 3.2 Maces & Flails
 + Level 1.0 Armour
 + Level 3.2 Dodging
 - Level 2.0 Stealth
 + Level 1.0 Invocations


You had 2 spell levels left.
You didn't know any spells.
Your spell library was empty.

Dungeon Overview and Level Annotations

Branches:
Dungeon (1/15)

Altars:


Message History

The ball python constricts you. The bat hits you but does no damage.
The hobgoblin barely misses you. The dart slug bites you.
Unknown command.
You are too injured to fight recklessly!
Unknown command.
You are too injured to fight recklessly!
You escape the ball python's grasp.
The bat attacks as you move away! The bat closely misses you.
The bat hits you but does no damage.
The ball python attacks as you move away!
The ball python closely misses you. The bat hits you but does no damage.
The bat hits you. The ball python barely misses you.
The ball python closely misses you. The bat attacks as you move away!
The bat hits you but does no damage.
The ball python attacks as you move away!
The ball python barely misses you. The bat hits you but does no damage.
The bat misses you. The bat hits you.
The dart slug briefly extends its eye-stalks.
The dart slug launches a dart at you. The slug dart hits you.
* * * LOW HITPOINT WARNING * * *
The bat attacks as you move away! The bat closely misses you.
The bat hits you but does no damage. The ball python barely misses you.
The ball python closely misses you.
You barely miss the ball python. The ball python bites you.
* * * LOW HITPOINT WARNING * * *
The ball python barely misses you.
You closely miss the ball python. The ball python barely misses you. x3
The ball python closely misses you.
You sock the ball python!
You kill the ball python!
The bat hits you but does no damage.
Your Armour skill increases to level 1!
You barely miss the hobgoblin. The bat closely misses you.
The bat hits you but does no damage. The hobgoblin hits you.
* * * LOW HITPOINT WARNING * * *
The bat misses you. The hobgoblin barely misses you.
You hit the hobgoblin but do no damage. The bat misses you.
The hobgoblin hits you.
You die...

#....†....# ######......).
#..?......##### #...##.##.....
#.............# #...##.##...†.
#....[........# #...##.#####.#
#>.....$[.w...# #...#..#####.#
##............#
###.............
##...........###...............
#.#..####.gb#...#...........[.
#.#... ###.#@###.............
#....# #.bg# #.............
#..## #...## #............. #.#
#...#.# #.##.......... ##.#
....###.. #.##.......... #..#
..... ##.# .(##.......... #..#
.... .. #.......... #..## ###
###..####..###### #...#
...........#


You could see a hobgoblin and a bat.

Vanquished Creatures
  A dart slug (D:1)
  3 endoplasms (D:1)
  A giant cockroach (D:1)
  A goblin (D:1)
  3 hobgoblins (D:1)
  A quokka (D:1)
  5 ball pythons (D:1)
  4 bats (D:1)
  2 rats (D:1)
21 creatures vanquished.

Notes
Turn   | Place    | Note
-------+----------+-------------------------------------------
     0 | D:1      | Patoropollo the Human Monk began the quest for the Orb.
     0 | D:1      | Reached XP level 1. HP: 18/18 MP: 1/1
   233 | D:1      | Reached XP level 2. HP: 23/24 MP: 2/2
   576 | D:1      | Reached XP level 3. HP: 24/29 MP: 3/3
   654 | D:1      | Reached skill level 1 in Invocations
   695 | D:1      | Reached skill level 1 in Armour
   696 | D:1      | Slain by a hobgoblin

Illustrated notes

Levels and vault maps discovered:
D:1:      psy_arrival_fountain, layout_rooms, serial_shops, shop_fountains

Skill      XL: |  1  2  3 |
---------------+----------+-----
Invocations    | 1 |  1.0
Armour         | 1 |  1.0
Fighting       | |  3.2
Maces & Flails | |  3.2
Dodging        | |  3.2
Stealth        | |  2.0

Action                   || total
-------------------------++-------
Melee: Mace              ||    70
 Stab: Sleeping          ||     3
Armor: Robe              ||    30
Dodge: Dodged            ||    84

Table legend: (Time is in decaauts)
 A = Elapsed time spent in this place.
 B = Non-inter-level travel time spent in this place.
 C = Inter-level travel time spent in this place.
 D = Time resting spent in this place.
 E = Time spent auto-exploring this place.
 F = Levels seen in this place.
 G = Mean time per level.
                   A        B        C        D        E       F      G
               +--------+--------+--------+--------+--------+-----+--------+
         Total |    713 |    713 |      0 |      0 |    539 |   1 |  713.0 |
       Dungeon |    713 |    713 |      0 |      0 |    539 |   1 |  713.0 |
               +--------+--------+--------+--------+--------+-----+--------+

Top non-repeatable levels by time:
     D:1: 713 daAuts
